 Dungeon Crawl Stone Soup version 0.31-a0-435-g2c6fae2916 (webtiles) character file.

Game seed: 11350006034367346732

580 randomguy2701 the Grave Robber (level 7, -3/47 HPs)
             Began as a Mummy Necromancer on Aug 2, 2023.
             Splashed by a jelly's acid (5 damage)
             ... on level 5 of the Dungeon.
             The game lasted 00:08:10 (3861 turns).

randomguy2701 the Grave Robber (Mummy Necromancer)  Turns: 3861, Time: 00:08:10

Health: -3/47      AC: -10   Str: 11    XL:     7   Next: 13%
Magic:  19/25      EV: 12    Int: 22    God:
Gold:   247        SH:  0    Dex: 13    Spells: 17/18 levels left

rFire   x . .        (no weapon)
rCold   + . .        (no shield)
rNeg    + + +        a - +0 robe
rPois   ∞            (no helmet)
rElec   .            (no cloak)
rCorr   .            (no gloves)
SInv    .            (no boots)
Will    .....        (no amulet)
Stlth   ++           i - +6 ring of intelligence
HPRegen 0.27/turn    o - ring of magical power
MPRegen 0.19/turn

%: faith
@: corroded
A: cold resistance 1, negative energy resistance 3, torment resistance 2, heat
vulnerability 1, in touch with death 1, no potions, faith
a: no special abilities


You were on level 5 of the Dungeon.
You visited 1 branch of the dungeon, and saw 5 of its levels.

You collected 247 gold pieces.

Inventory:

Missiles
 l - a throwing net
Armour
 a - a +0 robe (worn)
Jewellery
 h - a ring of see invisible
 i - a +6 ring of intelligence (left hand)
 o - a ring of magical power (right hand)
Wands
 p - a wand of polymorph (5)
Scrolls
 b - 2 scrolls of poison {unknown}
 c - a scroll of teleportation {unknown}
 d - 3 scrolls of identify {unknown}
 e - a scroll of blinking {unknown}
 f - a scroll of enchant armour {unknown}
 g - a scroll of revelation {unknown}
 j - 2 scrolls of fog {unknown}
 k - a scroll of amnesia {unknown}
 m - a scroll of noise {unknown}
 n - a scroll of immolation {unknown}


   Skills:
 + Level 0.8 Fighting
 + Level 1.7 Dodging
 + Level 2.1 Stealth
 + Level 0.1 Unarmed Combat
 + Level 6.4 Spellcasting
 + Level 6.7 Necromancy


You had 17 spell levels left.
You knew the following spells:

 Your Spells              Type           Power      Damage    Failure   Level
a - Necrotise             Necr           100%       1d9       1%          1

Your spell library contained the following spells:

 Spells                   Type           Power      Damage    Failure   Level
 Vampiric Draining        Necr           53%        2d9       1%          3
 Animate Dead             Necr           53%        N/A       5%          4
 Magic Dart               Conj           28%        1d4       9%          1
 Searing Ray              Conj           14%        2d5       13%         2
 Agony                    Necr           53%        N/A       16%         5
 Tukima's Dance           Hex            7%         N/A       26%         3
 Fulminant Prism          Conj/Hex       3%         3d5       65%         4
 Passage of Golubria      Tloc           7%         N/A       65%         4
 Yara's Violent Unravell  Hex/Tmut       3%         3d4       94%         5


Dungeon Overview and Level Annotations

Branches:
Dungeon (5/15)
 Temple: D:4-7

Altars:
Sif Muna

Annotations:
D:2 Sigmund
D:5 Dowan, Duvessa


Innate Abilities, Weirdness & Mutations

You are immune to poison.
Your flesh is cold resistant. (rC+)
You are immune to negative energy. (rN+++)
You are immune to unholy pain and torment.
You are vulnerable to heat. (rF-)
You are in touch with the powers of death.
You do not drink.
You have a special connection with the divine. (Faith)


Message History

You kill the ufetubus!
You now have 231 gold pieces (gained 10).
You now have 247 gold pieces (gained 16).
Found an escape hatch in the floor.
Found 3 stones.
You see here 3 stones.
Dowan, Brother of Duvessa comes into view.
He is wielding a +1 dagger of venom and wearing a +1 robe of cold resistance.
Dowan is nearby!
You feel a surge of power!
Dowan shouts!
Dowan writhes in agony.
You hear a shout!
An adder comes into view.
The adder hisses angrily.
You feel a surge of power!
Dowan writhes in agony.
Duvessa, Sister of Dowan comes into view.
She is wielding a +0 short sword.
You feel a surge of power!
Dowan writhes in agony.
Duvessa shouts!
A jelly comes into view.
You feel a surge of power!
Dowan writhes in agony!
Dowan points at you and mumbles some strange words.
The puff of flame hits you! The fire burns you terribly!
You feel a surge of power!
Dowan writhes in agony.
The jelly closely misses you.
Dowan hits you with a +1 dagger of venom.
You feel a surge of power!
Dowan writhes in agony.
The jelly hits you but does no damage.
You feel a surge of power!
Duvessa writhes in agony!
The jelly hits you. The acid corrodes you!
You are splashed with acid.
You feel a surge of power!
Duvessa writhes in agony!
The jelly hits you.
You are splashed with acid.
Duvessa hits you with a +0 short sword.
You are too injured to fight recklessly!
The jelly attacks as you move away! The jelly hits you.
* * * LOW HITPOINT WARNING * * *
The acid corrodes you!
You are splashed with acid!
* * * LOW HITPOINT WARNING * * *
The jelly attacks as you move away! The jelly hits you.
* * * LOW HITPOINT WARNING * * *
The acid corrodes you!
You are splashed with acid.
You die...

#############
#...........#
#.#@#####.##.# ..
##J## #.##.# ...
##e# #.##.# ###
##.####.##.#####
#eS......(.....#
.e.########.#.#.#
..#.# #.#.#.# ##...
.# #.#.#.#
#.#.###.####.#.#.##


You could see Duvessa and a jelly.

Vanquished Creatures
  An ogre (D:4)
  A jelly (D:4)
  3 hounds
  An orc priest (D:3)
  2 iguanas
  Ijyb (D:4)
  3 orc wizards
  7 gnolls (D:4)
  An adder (D:4)
  An ufetubus (D:5)
  A worm (D:2)
  A dart slug (D:4)
  8 orcs
  7 ball pythons
  3 endoplasms
  2 giant cockroaches
  9 goblins
  6 hobgoblins
  3 jackals (D:4)
  3 quokkas
  6 bats
  A frilled lizard (D:1)
  10 kobolds
  2 rats
83 creatures vanquished.

Vanquished Creatures (collateral kills)
  An orc (D:5)
  A ball python (D:3)
  A quokka (D:1)
  2 kobolds (D:1)
5 creatures vanquished.

Grand Total: 88 creatures vanquished

Notes
Turn   | Place    | Note
-------+----------+-------------------------------------------
     0 | D:1      | randomguy2701 the Mummy Necromancer began the quest for the
                  | Orb.
     0 | D:1      | Reached XP level 1. HP: 13/13 MP: 4/4
   242 | D:1      | Reached XP level 2. HP: 19/19 MP: 1/5
   709 | D:1      | Gained mutation: You are in touch with the powers of death.
                  | [Mummy growth]
   709 | D:1      | Reached XP level 3. HP: 24/24 MP: 5/7
  1119 | D:2      | Noticed Sigmund
  1231 | D:2      | Found a faded altar of an unknown god.
  1723 | D:3      | Reached XP level 4. HP: 30/30 MP: 3/10
  1745 | D:3      | Reached skill level 5 in Necromancy
  1893 | D:3      | Reached XP level 5. HP: 35/35 MP: 6/12
  2451 | D:4      | Noticed an ogre
  2524 | D:4      | Noticed Ijyb
  2530 | D:4      | Killed Ijyb
  2531 | D:4      | Reached skill level 5 in Spellcasting
  2795 | D:4      | Reached XP level 6. HP: 42/42 MP: 13/13
  3364 | D:4      | Found a shimmering blue altar of Sif Muna.
  3454 | D:5      | Entered Level 5 of the Dungeon
  3509 | D:5      | Reached XP level 7. HP: 39/47 MP: 16/16
  3848 | D:5      | Noticed Dowan
  3851 | D:5      | Noticed Duvessa
  3861 | D:5      | HP: 2/47 [jelly (2)]
  3861 | D:5      | Splashed by a jelly's acid

Illustrated notes

Levels and vault maps discovered:
D:1:      lightli_arrival_isolated_outpost, layout_rooms, minmay_pentomino_z4
D:2:      layout_loops_ring, shapermc_ecumenical_altar_gd, uniq_sigmund
D:3:      layout_rooms, nrook_loot_triangle
D:4:      layout_gridville, lemuel_blue_sif_altar,
          hangedman_decor_diamond_cutter, chequers_jeans, uniq_ijyb
D:5:      layout_loops_ring, serial_bayou_crossing, uniq_duvessa

Skill      XL: |  1  2  3  4  5  6 |
---------------+-------------------+-----
Spellcasting   | 3 4 5 6 |  6.4
Necromancy     | 5 6 |  6.7
Stealth        | 2 |  2.1
Fighting       | |  0.8
Dodging        | |  1.7
Unarmed Combat | |  0.1

Action                     |  1- 3 |  4- 6 |  7- 9 || total
---------------------------+-------+-------+-------++-------
  Melee: Unarmed           |    19 |       |    14 ||    33
   Cast: Necrotise         |    65 |   104 |    18 ||   187
 Armour: Robe              |     4 |       |     4 ||     8
  Dodge: Dodged            |    20 |    34 |    27 ||    81

Table legend: (Time is in decaauts)
 A = Elapsed time spent in this place.
 B = Non-inter-level travel time spent in this place.
 C = Inter-level travel time spent in this place.
 D = Time resting spent in this place.
 E = Time spent auto-exploring this place.
 F = Levels seen in this place.
 G = Mean time per level.
                   A        B        C        D        E       F      G
               +--------+--------+--------+--------+--------+-----+--------+
         Total |   3866 |   3674 |    192 |      0 |   3102 |   5 |  773.2 |
       Dungeon |   3866 |   3674 |    192 |      0 |   3102 |   5 |  773.2 |
               +--------+--------+--------+--------+--------+-----+--------+

Top non-repeatable levels by time:
     D:4: 1116 daAuts
     D:1: 921 daAuts
     D:2: 733 daAuts
     D:3: 731 daAuts
     D:5: 363 daAuts
